 Dungeon Crawl Stone Soup version 0.30.0-15-g856e2d3f33 (webtiles) character file.

Game seed: 6395175373584984969

287 qw the Chopper (level 6, -3/38 HPs)
             Began as a Gargoyle Fighter on May 21, 2023.
             Slain by a river rat (5 damage)
             ... on level 4 of the Dungeon.
             The game lasted 00:01:11 (2445 turns).

qw the Chopper (Gargoyle Fighter)                   Turns: 2445, Time: 00:01:12

Health: -3/38      AC: 11    Str: 22    XL:     6   Next: 30%
Magic:  5/5        EV:  9    Int:  8    God:
Gold:   162        SH:  4    Dex:  9    Spells: 5/5 levels left

rFire   + . .        Y - +0 war axe
rCold   . . .        c - +0 buckler
rNeg    + . .        b - +0 scale mail
rPois   inf          (no helmet)
rElec   +            (no cloak)
rCorr   .            (no gloves)
SInv    .            (no boots)
Will    .....        (no amulet) Stlth
                     (no ring)
HPRegen 0.26/turn    (no ring)
MPRegen 0.09/turn

%: no passive effects
@: no status effects
A: sickness immunity, AC +4, negative energy resistance 1, electricity
resistance, torment resistance 1, petrification resistance, fire resistance 1,
low MP 1, wild magic 1
a: no special abilities


You were on level 4 of the Dungeon.
You visited 1 branch of the dungeon, and saw 4 of its levels.

You collected 162 gold pieces.


Innate Abilities, Weirdness & Mutations

You are immune to sickness and miasma.
Your stone body is resilient. (AC +4)
You are immune to poison.
You resist negative energy. (rN+)
You are resistant to electric shocks. (rElec)
You are resistant to unholy torment.
You are immune to petrification.
Your flesh is heat resistant. (rF+)
Your magical capacity is low. (-10% MP)
Your spells are a little harder to cast, but a little more powerful.


   Skills:
 - Level 4.1 Fighting
 + Level 5.3 Axes
 - Level 3.2 Armour
 - Level 1.0 Dodging
 - Level 3.2 Shields


You had 5 spell levels left.
You didn't know any spells.
Your spell library was empty.

Inventory:

Hand Weapons
 e - a +0 morningstar
 Y - a +0 war axe (weapon)
Armour
 b - a +0 scale mail (worn)
 c - a +0 buckler (worn)
Scrolls
 k - a scroll of identify
Potions
 a - a potion of haste {unknown}
 d - 2 potions of might
 g - 3 potions of curing
 h - a potion of attraction
 i - a potion of mutation
 j - a potion of degeneration {unknown}
 l - a potion of brilliance {unknown}

Dungeon Overview and Level Annotations

Branches:
Dungeon (4/15)
 Temple: D:4-7

Altars:


Message History

The white imp gestures at you. The puff of frost hits you!
You block the river rat's attack.
You closely miss the white imp.
The white imp is severely wounded.
You barely miss the river rat.
The river rat bites you but does no damage.
The white imp barely misses you.
You hit the white imp but do no damage.
The white imp is severely wounded.
You hit the rat. You closely miss the river rat. The white imp gestures at you.
The puff of frost hits you! The river rat closely misses you.
The rat bites you but does no damage.
You barely miss the white imp.
The white imp is severely wounded.
You slash the rat!
You kill the rat!
You hit the river rat but do no damage. The river rat bites you.
The white imp hits you but does no damage.
The river rat closely misses you. The rat bites you but does no damage.
The white imp hits you. The white imp freezes you.
You closely miss the white imp.
The white imp is severely wounded.
You hit the rat. You barely miss the river rat.
The rat bites you but does no damage.
The white imp hits you but does no damage.
The river rat bites you!
You closely miss the white imp.
The white imp is severely wounded.
You closely miss the river rat. You slash the rat!
You kill the rat!
The river rat completely misses you. The white imp gestures at you.
The puff of frost hits you but does no damage.
You hit the white imp.
You kill the white imp!
You slash the river rat! The river rat bites you.
You die...

#..........#
.#
#..........# .
#............
.
#......#######
#. #.....####
#.####........
... #.#######
#.##%######
#..@.r.....#
####r.$###.#
#.#..# ..##..#
... #.# ...
... ~~... #.
~..


You could see a river rat and a rat.

Vanquished Creatures
  A black bear (D:2)
  Natasha (thrice) (D:2)
  An iguana (D:3)
  4 adders
  A white imp (D:4)
  2 dart slugs
  An orc (D:4)
  5 bats
  2 endoplasms
  3 giant cockroaches
  6 hobgoblins
  3 jackals (D:1)
  4 kobolds
  2 quokkas (D:2)
  7 ball pythons
  4 frilled lizards
  5 goblins
  7 rats
61 creatures vanquished.

Notes
Turn   | Place    | Note
-------+----------+-------------------------------------------
     0 | D:1      | qw the Gargoyle Fighter began the quest for the Orb.
     0 | D:1      | Reached XP level 1. HP: 14/14 MP: 1/1
     0 | D:1      | 0 ||| qw: Version: 0.2-a-98-g16b38d9
     0 | D:1      | 0 ||| qw: Game counter: 8
     0 | D:1      | 0 ||| qw: Always use a shield: true
     0 | D:1      | 0 ||| qw: God list: Okawaru
     0 | D:1      | 0 ||| qw: Allow faded altars: false
     0 | D:1      | 0 ||| qw: Do Orc after D:15 true
     0 | D:1      | 0 ||| qw: Do second Lair branch before Depths: true
     0 | D:1      | 0 ||| qw: Lair rune preference: random
     0 | D:1      | 0 ||| qw: Plans: Normal, Zot:1-4, God:TSO, Crypt, Tomb,
                  | Pan, Slime:5, Hells, Abyss, Win
     0 | D:1      | 0 ||| PLANNING D:1-11
    33 | D:1      | Reached skill level 2 in Axes
    36 | D:1      | 36 ||| Stepping ~*~*~tactically~*~*~ (hiding).
    37 | D:1      | 37 ||| Stepping ~*~*~tactically~*~*~ (hiding).
   176 | D:1      | 176 ||| Stepping ~*~*~tactically~*~*~ (stealth).
   185 | D:1      | 185 ||| Stepping ~*~*~tactically~*~*~ (stealth).
   188 | D:1      | Reached XP level 2. HP: 19/19 MP: 2/2
   203 | D:1      | 203 ||| Stepping ~*~*~tactically~*~*~ (stealth).
   424 | D:1      | Reached skill level 3 in Axes
   466 | D:1      | Reached XP level 3. HP: 20/23 MP: 3/3
   512 | D:1      | 512 ||| Stepping ~*~*~tactically~*~*~ (stealth).
   513 | D:1      | 513 ||| Stepping ~*~*~tactically~*~*~ (stealth).
   598 | D:1      | 598 ||| DROPPING +0 club.
   809 | D:1      | 809 ||| READING scroll labelled BURIPTI RIRCHIOLIBU.
   810 | D:1      | 810 ||| READING scroll labelled HUAZEL WAVO.
   811 | D:1      | 811 ||| READING scroll labelled SIS ONEHOEKASH.
   812 | D:1      | 812 ||| READING scroll labelled XILIAB IGOELU.
   813 | D:1      | 813 ||| READING scroll labelled GOHICS XEGA.
   914 | D:1      | 914 ||| DRINKING 2 dark potions.
   941 | D:2      | Noticed Natasha
   941 | D:2      | Noticed a black bear
   948 | D:2      | HP: 2/23 [black bear (4)]
   949 | D:2      | 949 ||| DRINKING potion of heal wounds.
   951 | D:2      | Killed Natasha
   953 | D:2      | HP: 4/23 [black bear (2)]
   954 | D:2      | HP: 1/23 [black bear (1)]
   956 | D:2      | Killed a black bear
   957 | D:2      | Reached skill level 4 in Axes
   957 | D:2      | Reached XP level 4. HP: 2/28 MP: 4/4
   957 | D:2      | Reached XP level 5. HP: 2/32 MP: 5/5
   966 | D:2      | 966 ||| Stepping ~*~*~tactically~*~*~ (stealth).
  1002 | D:2      | 1002 ||| Stepping ~*~*~tactically~*~*~ (stealth).
  1126 | D:2      | 1126 ||| Stepping ~*~*~tactically~*~*~ (stealth).
  1129 | D:2      | 1129 ||| Stepping ~*~*~tactically~*~*~ (stealth).
  1130 | D:2      | 1130 ||| Stepping ~*~*~tactically~*~*~ (stealth).
  1134 | D:2      | Noticed Natasha
  1135 | D:2      | 1135 ||| Stepping ~*~*~tactically~*~*~ (stealth).
  1148 | D:2      | Killed Natasha
  1149 | D:2      | Reached skill level 5 in Axes
  1176 | D:2      | Noticed Natasha
  1181 | D:2      | Killed Natasha
  1452 | D:2      | 1452 ||| DROPPING +0 whip.
  1570 | D:2      | 1570 ||| READING scroll labelled ESETHR CEILICEJE.
  1571 | D:2      | 1571 ||| DRINKING 2 fuming red potions.
  1651 | D:3      | 1651 ||| Stepping ~*~*~tactically~*~*~ (stealth).
  1717 | D:3      | 1717 ||| Stepping ~*~*~tactically~*~*~ (hiding).
  1718 | D:3      | 1718 ||| Stepping ~*~*~tactically~*~*~ (hiding).
  1720 | D:3      | 1720 ||| Stepping ~*~*~tactically~*~*~ (hiding).
  1721 | D:3      | 1721 ||| Stepping ~*~*~tactically~*~*~ (hiding).
  1855 | D:3      | Reached XP level 6. HP: 38/38 MP: 6/6
  2195 | D:3      | Reached skill level 1 in Dodging
  2306 | D:3      | Found a faded altar of an unknown god.
  2375 | D:3      | 2375 ||| READING scroll labelled HUVU CAECRURAK.
  2376 | D:3      | 2376 ||| READING 2 scrolls labelled AKYEGY PASOOMN.
  2377 | D:3      | 2377 ||| DRINKING 4 white potions.
  2378 | D:3      | 2378 ||| DRINKING 2 puce potions.
  2378 | D:3      | Gained mutation: Your magical capacity is low. (-10% MP)
                  | [potion of mutation]
  2378 | D:3      | Gained mutation: Your flesh is heat resistant. (rF+)
                  | [potion of mutation]
  2378 | D:3      | Gained mutation: Your spells are a little harder to cast,
                  | but a little more powerful. [potion of mutation]
  2379 | D:3      | 2379 ||| DROPPING scroll of amnesia.
  2394 | D:4      | 2394 ||| PLANNING SEWER
  2425 | D:4      | 2425 ||| Stepping ~*~*~tactically~*~*~ (stealth).
  2426 | D:4      | 2426 ||| Stepping ~*~*~tactically~*~*~ (stealth).
  2428 | D:4      | 2428 ||| Stepping ~*~*~tactically~*~*~ (hiding).
  2442 | D:4      | HP: 8/38 [white imp (5)]
  2443 | D:4      | HP: 1/38 [river rat (7)]
  2445 | D:4      | Slain by a river rat

Levels and vault maps discovered:
D:1:      matt_arrival_los_fun, layout_rooms, minmay_hexomino_c4
D:2:      layout_rooms, grunt_ministairs_1, uniq_natasha
D:3:      layout_basic, shapermc_ecumenical_altar_venn
D:4:      layout_basic, minmay_temple_entry_glass, portal_sewer_entry_a,
          uniq_menkaure

Skill      XL: |  1  2  3  4  5  6 |
---------------+-------------------+-----
Axes           | 2 3 4 5 |  5.3
Fighting       | 4 |  4.1
Dodging        | 1 |  1.0
Armour         | |  3.2
Shields        | |  3.2

Action                     |  1- 3 |  4- 6 || total
---------------------------+-------+-------++-------
  Melee: War axe           |    69 |    94 ||   163
    Use: Scroll            |     5 |     3 ||     8
         Potion            |     2 |     3 ||     5
 Armour: Scale mail        |    47 |    42 ||    89
  Dodge: Dodged            |    40 |    34 ||    74
  Block: Buckler           |    18 |    18 ||    36

Table legend:
 A = Non-vault XP
 B = Vault XP
 C = Vault XP percentage of total XP
 D = Non-vault monster count
 E = Vault monster count
 F = Vault count percentage of total count
                 A         B        C        D         E       F
            +---------+---------+-------+---------+---------+-------
      Total |     368 |      54 |  12.8 |      50 |      11 |  18.0
            +---------+---------+-------+---------+---------+-------
        D:1 |      31 |      10 |  24.4 |      20 |       5 |  20.0
        D:2 |     226 |      40 |  15.0 |      12 |       3 |  20.0
        D:3 |      68 |       0 |   0.0 |      13 |       0 |   0.0
        D:4 |      43 |       4 |   8.5 |       5 |       3 |  37.5
            +---------+---------+-------+---------+---------+-------
